 Dungeon Crawl Stone Soup version 0.31-a0-182-gc5ef74bbde (webtiles) character file.

Game seed: 9993306768231671598

135 qw the Shooter (level 5, 0/49 HPs)
             Began as a Naga Hunter on June 20, 2023.
             Slain by a goblin
             ... wielding a +0 dagger
              (1 damage)
             ... on level 3 of the Dungeon.
             The game lasted 00:00:39 (1502 turns).

qw the Shooter (Naga Hunter)                        Turns: 1502, Time: 00:00:40

Health: 0/49       AC:  3    Str: 13    XL:     5   Next: 18%
Magic:  5/5        EV:  9    Int: 10    God:
Gold:   193        SH:  0    Dex: 16    Spells: 4/4 levels left

rFire   . . .        Y - +0 shortbow
rCold   . . .        (shield currently unavailable)
rNeg    . . .        c - +0 leather armour
rPois   +            (no helmet)
rElec   .            (no cloak)
rCorr   .            (no gloves)
SInv    +            (no barding)
Will    .....        (no amulet)
Stlth   ++           (no ring)
HPRegen 0.28/turn    (no ring)
MPRegen 0.09/turn

%: no passive effects
@: about to teleport, very slow
A: AC +1, large, see invisible, deformed body, poison resistance, slowness 2,
spit poison 1, naga tail 1
a: Spit Poison


You were on level 3 of the Dungeon.
You visited 1 branch of the dungeon, and saw 3 of its levels.

You collected 193 gold pieces.


Innate Abilities, Weirdness & Mutations

Your serpentine skin is tough. (AC +1)
You have supernaturally acute eyesight. (SInv)
Armour fits poorly on your strangely shaped body.
Your system is resistant to poisons. (rPois)
You cover ground very slowly.
You can spit poison.
You have a snake-like lower body.


   Skills:
 - Level 3.0 Fighting
 + Level 5.3 Ranged Weapons
 - Level 1.5 Dodging
 - Level 1.5 Stealth


You had 4 spell levels left.
You didn't know any spells.
Your spell library was empty.

Inventory:

Hand Weapons
 Y - a +0 shortbow (weapon)
Armour
 c - a +0 leather armour (worn)
Scrolls
 a - 2 scrolls of identify
 i - a scroll of teleportation
Potions
 d - a potion of curing
 g - a potion of lignification {unknown}

Dungeon Overview and Level Annotations

Branches:
Dungeon (3/15)

Altars:

Shops:
D:1 ?   D:2 (


Message History

You have got your breath back.
The orc wizard points at you and mumbles some strange words.
The magic dart hits you!
A goblin comes into view. It is wielding a +0 dagger.
1496 ||| INVOKING Spit Poison.
Aiming: Spit Poison (1% risk of failure)
Press: ? - help, Shift-Dir - straight line, f/p - orc wizard The splash of poison misses the orc wizard.
The orc wizard hits you with a +0 dagger.
The howler monkey skeleton hits you.
You shoot an arrow. The arrow barely misses the orc wizard.
The orc wizard gestures at you while chanting.
The magic dart hits you. The howler monkey skeleton hits you.
You shoot an arrow. The arrow hits the orc wizard.
You kill the orc wizard!
The goblin unwields a +0 dagger.
The goblin wields a +0 sling.
The goblin shoots a sling bullet.
The sling bullet barely misses you. The howler monkey skeleton hits you. x2
You have reached level 5!
1499 ||| READING 2 scrolls of teleportation.
As you read the scroll of teleportation, it crumbles to dust.
You feel strangely unstable.
The howler monkey skeleton hits you but does no damage.
You shoot an arrow.
The arrow completely misses the howler monkey skeleton.
The goblin unwields a +0 sling.
The goblin wields a +0 dagger.
The goblin hits you with a +0 dagger.
The howler monkey skeleton completely misses you.
You shoot an arrow.
The arrow hits the howler monkey skeleton!
The howler monkey skeleton is heavily damaged.
The goblin hits you but does no damage. The howler monkey skeleton hits you.
The goblin hits you with a +0 dagger.
You shoot an arrow.
The arrow hits the howler monkey skeleton.
The howler monkey skeleton is severely damaged.
You have got your breath back.
The howler monkey skeleton hits you but does no damage.
The goblin hits you with a +0 dagger.
You die...

).#... ##.#..#..##
.....#... .......
######### #...#.#
<........#
#.###..)#.##.........###
.....)Zg.............'..
.......@#............###
#....................#
#######.#.##........>###
#.#.##............
#.................
######...##.####.....(.
#............# #..)....
#............# #.).....
#............###.......


You could see a goblin and a howler monkey skeleton.

Vanquished Creatures
  An orc wizard (D:3)
  4 gnolls (D:3)
  2 worms (D:3)
  3 dart slugs
  2 orcs (D:3)
  6 bats
  3 endoplasms
  A giant cockroach (D:1)
  8 goblins
  4 hobgoblins
  4 kobolds (D:1)
  4 quokkas
  3 ball pythons
  A frilled lizard (D:3)
  12 rats
58 creatures vanquished.

Notes
Turn   | Place    | Note
-------+----------+-------------------------------------------
     0 | D:1      | qw the Naga Hunter began the quest for the Orb.
     0 | D:1      | Reached XP level 1. HP: 19/19 MP: 1/1
     0 | D:1      | 0 ||| qw: Version: 0.3-a-9-g12657ce
     0 | D:1      | 0 ||| qw: Game counter: 1288
     0 | D:1      | 0 ||| qw: Always use a shield: true
     0 | D:1      | 0 ||| qw: God list: Okawaru
     0 | D:1      | 0 ||| qw: Allow faded altars: false
     0 | D:1      | 0 ||| qw: Do Orc after D:15 true
     0 | D:1      | 0 ||| qw: Do second Lair branch before Depths: true
     0 | D:1      | 0 ||| qw: Lair rune preference: random
     0 | D:1      | 0 ||| qw: Plans: Normal
     0 | D:1      | 0 ||| PLANNING D:1-11
     5 | D:1      | 5 ||| INVOKING Spit Poison.
     8 | D:1      | 8 ||| INVOKING Spit Poison.
    27 | D:1      | 27 ||| INVOKING Spit Poison.
    42 | D:1      | 42 ||| INVOKING Spit Poison.
    47 | D:1      | 47 ||| INVOKING Spit Poison.
    49 | D:1      | Found Moclyupe's Magic Scroll Boutique.
    57 | D:1      | 57 ||| SHOPLISTING scroll of acquirement (572 gold, have
                  | 0).
    57 | D:1      | 57 ||| SHOPLISTING scroll of enchant armour (82 gold, have
                  | 0).
    57 | D:1      | 57 ||| SHOPLISTING scroll of identify (22 gold, have 0).
    57 | D:1      | 57 ||| SHOPLISTING scroll of teleportation (33 gold, have
                  | 0).
    96 | D:1      | 96 ||| INVOKING Spit Poison.
   190 | D:1      | 190 ||| INVOKING Spit Poison.
   191 | D:1      | Reached skill level 4 in Ranged Weapons
   191 | D:1      | Reached XP level 2. HP: 26/26 MP: 2/2
   211 | D:1      | 211 ||| INVOKING Spit Poison.
   227 | D:1      | 227 ||| INVOKING Spit Poison.
   231 | D:1      | 231 ||| INVOKING Spit Poison.
   274 | D:1      | 274 ||| INVOKING Spit Poison.
   280 | D:1      | 280 ||| INVOKING Spit Poison.
   339 | D:1      | 339 ||| INVOKING Spit Poison.
   459 | D:1      | 459 ||| INVOKING Spit Poison.
   462 | D:1      | 462 ||| INVOKING Spit Poison.
   541 | D:1      | 541 ||| INVOKING Spit Poison.
   578 | D:1      | 578 ||| INVOKING Spit Poison.
   603 | D:1      | 603 ||| INVOKING Spit Poison.
   636 | D:1      | 636 ||| INVOKING Spit Poison.
   641 | D:1      | 641 ||| INVOKING Spit Poison.
   646 | D:1      | Reached XP level 3. HP: 29/32 MP: 3/3
   700 | D:1      | 700 ||| INVOKING Spit Poison.
   707 | D:1      | 707 ||| INVOKING Spit Poison.
   724 | D:1      | 724 ||| INVOKING Spit Poison.
   819 | D:1      | 819 ||| INVOKING Spit Poison.
   882 | D:1      | 882 ||| READING scroll labelled QINUBR BONUHIK.
   883 | D:1      | 883 ||| READING scroll labelled QAOMIR GUMUL.
   884 | D:1      | 884 ||| READING scroll labelled ECEASH FERRO.
   885 | D:1      | 885 ||| READING 2 scrolls labelled CATEUN KOSOAST.
   889 | D:1      | 889 ||| DROPPING scroll of butterflies.
   922 | D:2      | 922 ||| INVOKING Spit Poison.
   928 | D:2      | Noticed a +0 demon blade
   929 | D:2      | Found Cerohik's Weapon Shoppe.
   930 | D:2      | Noticed a +0 triple crossbow
   933 | D:2      | 933 ||| INVOKING Spit Poison.
   937 | D:2      | 937 ||| INVOKING Spit Poison.
   941 | D:2      | 941 ||| INVOKING Spit Poison.
  1015 | D:2      | 1015 ||| INVOKING Spit Poison.
  1132 | D:2      | 1132 ||| INVOKING Spit Poison.
  1146 | D:2      | 1146 ||| INVOKING Spit Poison.
  1156 | D:2      | 1156 ||| INVOKING Spit Poison.
  1192 | D:2      | 1192 ||| INVOKING Spit Poison.
  1247 | D:2      | 1247 ||| INVOKING Spit Poison.
  1260 | D:2      | 1260 ||| INVOKING Spit Poison.
  1277 | D:2      | 1277 ||| INVOKING Spit Poison.
  1307 | D:2      | 1307 ||| INVOKING Spit Poison.
  1308 | D:2      | 1308 ||| INVOKING Spit Poison.
  1309 | D:2      | 1309 ||| INVOKING Spit Poison.
  1310 | D:2      | 1310 ||| READING 2 scrolls labelled WESUOT ZAMINN.
  1311 | D:2      | 1311 ||| DRINKING 2 bubbling silvery potions.
  1325 | D:3      | 1325 ||| PLANNING SEWER
  1325 | D:3      | 1325 ||| INVOKING Spit Poison.
  1331 | D:3      | 1331 ||| INVOKING Spit Poison.
  1340 | D:3      | 1340 ||| INVOKING Spit Poison.
  1344 | D:3      | 1344 ||| INVOKING Spit Poison.
  1345 | D:3      | Reached skill level 5 in Ranged Weapons
  1345 | D:3      | Reached XP level 4. HP: 39/39 MP: 4/4
  1382 | D:3      | 1382 ||| INVOKING Spit Poison.
  1387 | D:3      | 1387 ||| INVOKING Spit Poison.
  1438 | D:3      | 1438 ||| INVOKING Spit Poison.
  1442 | D:3      | 1442 ||| INVOKING Spit Poison.
  1448 | D:3      | 1448 ||| INVOKING Spit Poison.
  1452 | D:3      | 1452 ||| INVOKING Spit Poison.
  1453 | D:3      | Reached skill level 3 in Fighting
  1486 | D:3      | 1486 ||| INVOKING Spit Poison.
  1492 | D:3      | 1492 ||| INVOKING Spit Poison.
  1496 | D:3      | 1496 ||| INVOKING Spit Poison.
  1498 | D:3      | HP: 6/42 [howler monkey skeleton (5)]
  1499 | D:3      | Reached XP level 5. HP: 7/49 MP: 5/5
  1499 | D:3      | 1499 ||| READING 2 scrolls of teleportation.
  1501 | D:3      | HP: 2/49 [howler monkey skeleton (4)]
  1502 | D:3      | Slain by a goblin

Levels and vault maps discovered:
D:1:      lightli_arrival_boilingwater, layout_loops_corners, serial_shops,
          nicolae_shop_just_a_little_nook
D:2:      layout_rooms, serial_shops, nicolae_shop_mannequins,
          minmay_rat_gold_closets
D:3:      layout_basic, portal_sewer_entry_a, serial_undead, serial_undead_e,
          serial_undead_d, serial_undead_e, serial_undead_e,
          minmay_misc_feat_roman, minmay_shallow_snake_nest

Skill      XL: |  1  2  3  4 |
---------------+-------------+-----
Ranged Weapons | 4 5 |  5.3
Fighting       | 3 |  3.0
Dodging        | |  1.5
Stealth        | |  1.5

Action                     |  1- 3 |  4- 6 || total
---------------------------+-------+-------++-------
   Fire: Shortbow          |    61 |    34 ||    95
Ability: Spit Poison       |    41 |     9 ||    50
    Use: Scroll            |     5 |     1 ||     6
         Potion            |     1 |       ||     1
 Armour: Leather armour    |    10 |     5 ||    15
  Dodge: Dodged            |    14 |     5 ||    19

Table legend:
 A = Non-vault XP
 B = Vault XP
 C = Vault XP percentage of total XP
 D = Non-vault monster count
 E = Vault monster count
 F = Vault count percentage of total count
                 A         B        C        D         E       F
            +---------+---------+-------+---------+---------+-------
      Total |     185 |       8 |   4.1 |      50 |       8 |  13.8
            +---------+---------+-------+---------+---------+-------
        D:1 |      51 |       0 |   0.0 |      28 |       0 |   0.0
        D:2 |      17 |       8 |  32.0 |       8 |       8 |  50.0
        D:3 |     117 |       0 |   0.0 |      14 |       0 |   0.0
            +---------+---------+-------+---------+---------+-------
